 Dungeon Crawl Stone Soup version 0.28.0-43-g3370ac3207 (webtiles) character file.

Game seed: 11565859990287484811

324 styxcanada the Covert (level 6, -1/32 HPs)
             Began as a Spriggan Brigand on Mar 30, 2022.
             Killed by divine providence
             ... invoked by an orc priest
              (13 damage)
             ... on level 4 of the Dungeon.
             The game lasted 00:11:10 (2786 turns).

styxcanada the Covert (Spriggan Brigand)            Turns: 2786, Time: 00:11:10

Health: -1/32      AC:  5    Str:  7    XL:     6   Next: 23%
Magic:  7/7        EV: 18    Int: 13    God:
Gold:   99         SH:  0    Dex: 18    Spells: 5/5 levels left

rFire   . . .      SeeInvis +   l - +1 dagger (venom)
rCold   . . .      Faith    .   (no shield)
rNeg    . . .      Spirit   .   b - +0 robe
rPois   .          Reflect  .   o - +2 hat
rElec   .          Harm     .   c - +0 cloak
rCorr   .          Rampage  .   (gloves unavailable)
Will    +....                   (boots unavailable)
Stlth   ++++......              n - amulet of regeneration
HPRegen 0.90/turn               (no ring)
MPRegen 0.10/turn               (no ring)

@: very quick
A: very small, no large weapons, unfitting armour, see invisible, speed 3
a: no special abilities


You were on level 4 of the Dungeon.
You visited 1 branch of the dungeon, and saw 4 of its levels.

You collected 99 gold pieces.

Inventory:

Hand Weapons
 a - a +2 dagger
 l - a +1 dagger of venom (weapon)
Missiles
 d - 12 poisoned darts (quivered)
 e - 2 curare-tipped darts
 f - 128 stones
 m - a throwing net
Armour
 b - a +0 robe (worn)
 c - a +0 cloak (worn)
 o - a +2 hat (worn)
Jewellery
 h - a ring of magical power
 n - an amulet of regeneration (around neck)
Scrolls
 i - a scroll of identify
 q - a scroll of holy word
 r - a scroll of torment {unknown}
Potions
 j - 2 potions of might
 k - a potion of curing
 p - a potion of cancellation


   Skills:
 * Level 2.4 Fighting
 + Level 3.6 Short Blades
 + Level 3.0 Throwing
 * Level 3.5 Dodging
 * Level 8.5 Stealth


You had 5 spell levels left.
You didn't know any spells.
Your spell library contained the following spells:

 Spells                   Type           Power      Damage    Failure   Level
 Beastly Appendage        Tmut           0%         N/A       30%         1
 Wereblood                Tmut           0%         N/A       43%         2
 Spider Form              Tmut/Pois      0%         N/A       67%         3
 Tukima's Dance           Hex            0%         N/A       67%         3
 Passage of Golubria      Tloc           0%         N/A       97%         4
 Yara's Violent Unravell  Hex/Tmut       0%         3d3       100%        5


Dungeon Overview and Level Annotations

Branches:
Dungeon (4/15)
 Temple: D:4-7

Altars:
Nemelex Xobeh

Shops:
D:1 *


Innate Abilities, Weirdness & Mutations

You are very small and have problems with some larger weapons.
You are too small for most types of armour.
You have supernaturally acute eyesight. (SInv)
You cover ground extremely quickly. (Speed+++)


Message History

You barely miss the adder.
The adder is heavily wounded.
The adder closely misses you.
You closely miss the adder.
The adder is severely wounded.
You kill the adder!
The orc priest shouts! x2; You hear a shout! x4
You hit the orc priest.
The orc priest is poisoned.
The orc priest is lightly wounded.
The orc priest invokes the aid of Beogh against you.
Beogh smites you!
A hobgoblin comes into view. x2
You barely miss the orc priest.
The orc priest is lightly wounded.
The orc priest calls down the wrath of Beogh upon you.
Beogh smites you!
* * * LOW HITPOINT WARNING * * *
You hit the orc priest.
The orc priest looks as sick as possible!
The orc priest is moderately wounded.
The orc priest completely misses you.
The orc priest invokes the aid of Beogh against you.
Pain shoots through your body!
* * * LOW HITPOINT WARNING * * *
A goblin comes into view. It is wielding a +0 club.
You feel better.
The orc priest miscasts a cantrip.
The orc priest calls down the wrath of Beogh upon you.
You resist with significant effort.
The orc priest casts a cantrip, but nothing happens.
Throw: 13 darts (poison)
Press: ? - help, Q - select action, (/) - cycle Shift-Dir - straight line, f - orc priest
Aim: an orc priest, wielding a +0 hand axe, wearing a +0 ring mail and wearing a +0 kite shield (70% to hit)
You throw a poisoned dart.
The orc priest blocks the poisoned dart.
The orc priest mumbles some strange prayers to Beogh against you.
Pain shoots through your body!
The orc priest calls down the wrath of Beogh upon you.
Beogh smites you!
You die...

....###### #.....).....#
..o..(.#.# ##....##....#
..(....((### #...###.....#
...##......###...........#
....................##...#
(.................####...#
))...#...........####..#.########
#................##....##.......#
....)..รท........@.....og##((.....
......<....#.......#..o(.........
o#........##......###............
..............#...##.............
..<..........###.#......g........
............###..........g.....#.
............###.#.........)...##
o...........##..##.>.......g.....
..o........####..#.......#..##g..


You could see an orc priest, an orc and a hobgoblin.

Vanquished Creatures
  2 ogres (D:4)
  An iguana (D:4)
  2 orc wizards (D:4)
  2 adders
  A worm (D:4)
  10 orcs
  2 endoplasms
  3 giant cockroaches
  3 goblins
  4 hobgoblins
  3 jackals (D:2)
  2 quokkas
  4 ball pythons
  8 bats
  A frilled lizard (D:3)
  6 kobolds
  2 rats
56 creatures vanquished.

Notes
Turn   | Place    | Note
-------+----------+-------------------------------------------
     0 | D:1      | styxcanada the Spriggan Brigand began the quest for the
                  | Orb.
     0 | D:1      | Reached XP level 1. HP: 10/10 MP: 2/2
   132 | D:1      | Reached skill level 6 in Stealth
   229 | D:1      | Reached XP level 2. HP: 14/14 MP: 3/3
   287 | D:1      | Found Inilynog's General Store.
   929 | D:2      | Reached XP level 3. HP: 13/18 MP: 4/4
  1552 | D:2      | Found a faded altar of an unknown god.
  1655 | D:3      | Reached skill level 7 in Stealth
  2298 | D:3      | Found a sparkling altar of Nemelex Xobeh.
  2415 | D:4      | Noticed an ogre
  2535 | D:4      | Noticed an ogre
  2543 | D:4      | Killed an ogre
  2544 | D:4      | Reached XP level 4. HP: 10/23 MP: 5/5
  2544 | D:4      | Reached XP level 5. HP: 11/26 MP: 6/6
  2634 | D:4      | Killed an ogre
  2635 | D:4      | Reached skill level 8 in Stealth
  2685 | D:4      | Reached XP level 6. HP: 30/30 MP: 7/7
  2786 | D:4      | Killed from afar by an orc priest

Illustrated notes

Levels and vault maps discovered:
D:1:      lemuel_arrival_rhombus, layout_rooms, serial_shops, shop
D:2:      layout_basic, dreamdust_ecumenical_altar_hidden_monk_grotto,
          minivault_23
D:3:      layout_basic, lemuel_coloured_pillars_altar, serial_bayou_pond_a
D:4:      layout_cave_pools, led_sif_book, wad_floor_pattern_1

Skill      XL: |  1  2  3  4  5  6 |
---------------+-------------------+-----
Stealth        | 6 7 8 |  8.5
Dodging        | 2 3 |  3.5
Fighting       | 2 |  2.4
Short Blades   | 3 |  3.6
Throwing       | 3 |  3.0

Action                   |  1- 3 |  4- 6 || total
-------------------------+-------+-------++-------
Melee: Dagger            |   122 |    42 ||   164
       Punch             |     2 |     1 ||     3
Throw: Dart              |    23 |    15 ||    38
  Use: Scroll            |     8 |       ||     8
       Potion            |       |     2 ||     2
 Stab: Sleeping          |    13 |       ||    13
Armor: Robe              |    15 |     6 ||    21
Dodge: Dodged            |    80 |    29 ||   109
